 Dungeon Crawl Stone Soup version 0.29.1-15-g9cfb28693d (webtiles) character file.

Game seed: 2848443290612189152

379 Barneous the Shooter (level 6, -3/47 HPs)
             Began as a Demonspawn Wanderer on Mar 6, 2023.
             Was an Initiate of Sif Muna.
             Slain by an orc
             ... wielding a +0 hand axe
              (4 damage)
             ... on level 5 of the Dungeon.
             The game lasted 00:11:38 (4106 turns).

Barneous the Shooter (Demonspawn Wanderer)          Turns: 4106, Time: 00:11:39

Health: -3/47      AC: 13    Str: 18    XL:     6   Next: 45%
Magic:  6/6        EV: 11    Int: 12    God:    Sif Muna [......]
Gold:   102        SH:  0    Dex: 12    Spells: 4/5 levels left

rFire   . . .      SeeInvis .   k - +2 lajatang (vamp)
rCold   . . .      Faith    .   (shield currently unavailable)
rNeg    . . .      Spirit   .   e - +0 robe
rPois   .          Reflect  .   c - +1 helmet
rElec   .          Harm     .   (no cloak)
rCorr   .          Rampage  .   (no gloves)
Will    .....                   (no boots)
Stlth   ++........              (no amulet)
HPRegen 0.15/turn               (no ring)
MPRegen 0.10/turn               (no ring)

@: sanguine armoured
A: sanguine armour 2, demonic magic 2, strong 1, inability to drink after injury
1, devolution 1
a: Renounce Religion


You were on level 5 of the Dungeon.
You worshipped Sif Muna.
Sif Muna was noncommittal.
You visited 1 branch of the dungeon, and saw 5 of its levels.

You collected 214 gold pieces.
You spent 112 gold pieces at shops.

Inventory:

Hand Weapons
 a - a +2 spear of electrocution
 b - a +0 sling
 k - a +2 vampiric lajatang (weapon)
Armour
 c - a +1 helmet (worn)
 e - a +0 robe (worn)
Wands
 h - a wand of light (10)
 i - a wand of polymorph (8)
Scrolls
 d - 2 scrolls of teleportation
 g - a scroll of fear
 l - a scroll of brand weapon
Potions
 f - 2 potions of curing


   Skills:
 + Level 3.0 Fighting
 + Level 3.7 Polearms
 + Level 3.8 Ranged Weapons
 + Level 2.7 Armour
 + Level 3.4 Stealth


You had 4 spell levels left.
You knew the following spells:

 Your Spells              Type           Power      Damage    Failure   Level
a - Sandblast             Erth           0%         2d4       32%         1

Your spell library contained the following spells:

 Spells                   Type           Power      Damage    Failure   Level
 Slow                     Hex            0%         N/A       32%         1
 Summon Small Mammal      Summ           0%         N/A       32%         1
 Passwall                 Tmut/Erth      0%         N/A       45%         2
 Call Canine Familiar     Summ           0%         N/A       69%         3
 Confusing Touch          Hex            0%         N/A       69%         3
 Stone Arrow              Conj/Erth      0%         3d7       69%         3
 Summon Guardian Golem    Hex/Summ       0%         N/A       69%         3
 Vampiric Draining        Necr           0%         2d6       69%         3
 Animate Armour           Summ/Erth      0%         N/A       97%         4
 Lehudib's Crystal Spear  Conj/Erth      0%         10d2      100%        8


Dungeon Overview and Level Annotations

Branches:
Dungeon (5/15)             Temple (0/1) D:5

Altars:
Dithmenos
Hepliaklqana
Kikubaaqudgha
Nemelex Xobeh
Qazlal
Ru
Sif Muna
Yredelemnul

Shops:
D:3 !


Innate Abilities, Weirdness & Mutations

When seriously injured, your blood forms thick armour. (AC +9)
Spells you cast may paralyse nearby enemies.
Your muscles are strong. (Str +4, Int/Dex -1)
You occasionally lose the ability to drink potions when taking damage.
You have hidden genetic defects.


Message History

The iguana barely misses you.
You slice the iguana!!
You feel better.
You kill the iguana!
Sif Muna accepts your kill. The orc hits you with a +0 morningstar.
* * * LOW HITPOINT WARNING * * *
Something hits you but does no damage. The orc barely misses you. x2
The orc completely misses you. The orc hits you but does no damage.
The orc completely misses you. Something hits you.
* * * LOW HITPOINT WARNING * * *
The orc hits you but does no damage. x2; The orc barely misses you.
The orc hits you but does no damage. The orc hits you with a +0 club.
* * * LOW HITPOINT WARNING * * *
The orc closely misses you.
Your Fighting skill increases to level 3!
The black bear growls angrily.
You slash the orc!
You feel better.
You kill the orc!
Sif Muna accepts your kill. Something hits you but does no damage.
The orc hits you but does no damage. x3
The orc hits you with a +0 club.
* * * LOW HITPOINT WARNING * * *
The orc hits you with a +0 whip.
* * * LOW HITPOINT WARNING * * *
You barely miss the iguana. Something hits you but does no damage.
The orc closely misses you. The orc hits you but does no damage.
The orc barely misses you. The orc hits you but does no damage.
The orc hits you with a +0 whip.
* * * LOW HITPOINT WARNING * * *
The iguana bites you but does no damage.
You closely miss the iguana. Something hits you but does no damage.
The orc hits you from afar with a +0 trident.
* * * LOW HITPOINT WARNING * * *
The orc hits you with a +0 morningstar.
* * * LOW HITPOINT WARNING * * *
The orc hits you with a +0 club.
* * * LOW HITPOINT WARNING * * *
The orc closely misses you. The iguana barely misses you.
The orc hits you with a +0 hand axe.
You die...

.........# ##.
........ # ...
#......# #. ..
#......# ..#.#
#......#
#...##......#
##.#.#...<...##
#....ol{......#
.##.#.#o@o####..>#
.......))o# .l..
...#.⌠.#o..# ...
#......h#....# .>
...⌠.>.⌠...#.## .
.#.......#...#
...#.⌠.#...###
.........###
....#.#..#


You could see a black bear, an iguana and 5 orcs.

Vanquished Creatures
  An ogre (D:4)
  A centaur (D:4)
  A hound (D:4)
  An orc priest (D:5)
  An iguana (D:5)
  2 orc wizards (D:5)
  4 adders
  3 dart slugs
  3 orcs (D:5)
  2 ball pythons (D:1)
  4 bats
  8 endoplasms
  7 goblins
  7 hobgoblins
  A quokka (D:2)
  2 frilled lizards
  2 kobolds (D:3)
  7 rats
57 creatures vanquished.

Notes
Turn   | Place    | Note
-------+----------+-------------------------------------------
     0 | D:1      | Barneous the Demonspawn Wanderer began the quest for the
                  | Orb.
     0 | D:1      | Barneous set off with the following items: a +2 spear, a +0
                  | sling, a +0 helmet, a scroll of teleportation, a +0 robe.
     0 | D:1      | Reached XP level 1. HP: 15/15 MP: 1/1
   253 | D:1      | Found a faded altar of an unknown god.
   315 | D:1      | Gained mutation: When seriously injured, your blood forms
                  | armour. (AC +9) [demonic ancestry]
   315 | D:1      | Reached XP level 2. HP: 20/21 MP: 2/2
   953 | D:2      | Gained mutation: Spells you cast may paralyse adjacent
                  | enemies. [demonic ancestry]
   953 | D:2      | Reached XP level 3. HP: 25/26 MP: 3/3
  1011 | D:2      | Learned a level 1 spell: Sandblast
  1854 | D:3      | Found a sparkling altar of Nemelex Xobeh.
  2021 | D:3      | Gained mutation: Spells you cast may paralyse nearby
                  | enemies. [demonic ancestry]
  2021 | D:3      | Reached XP level 4. HP: 33/33 MP: 4/4
  2096 | D:3      | Found Vuakhluch's Distillery.
  2103 | D:3      | Bought a potion of mutation for 112 gold pieces
  2103 | D:3      | Gained mutation: Your flesh is cold resistant. (rC+)
                  | [potion of mutation]
  2198 | D:3      | Found a shimmering blue altar of Sif Muna.
  2204 | D:3      | Became a worshipper of Sif Muna the Loreminder
  2522 | D:4      | Found a sacrificial altar of Ru.
  2614 | D:4      | Found a hazy altar of Hepliaklqana.
  2659 | D:4      | Noticed a centaur
  2660 | D:4      | Found a basalt altar of Yredelemnul.
  2667 | D:4      | Killed a centaur
  2668 | D:4      | Gained mutation: When seriously injured, your blood forms
                  | thick armour. (AC +9) [demonic ancestry]
  2668 | D:4      | Reached XP level 5. HP: 23/39 MP: 5/5
  2789 | D:4      | Found an ancient bone altar of Kikubaaqudgha.
  2824 | D:4      | Noticed an ogre
  2830 | D:4      | Lost mutation: Your flesh is cold resistant. (rC+) [potion
                  | of mutation]
  2830 | D:4      | Gained mutation: Your muscles are strong. (Str +4, Int/Dex
                  | -1) [potion of mutation]
  2830 | D:4      | Gained mutation: You have hidden genetic defects. [potion
                  | of mutation]
  2845 | D:4      | Killed an ogre
  2846 | D:4      | Reached XP level 6. HP: 6/46 MP: 6/6
  2874 | D:4      | Gained mutation: You occasionally lose the ability to drink
                  | potions when taking damage. [hidden defects]
  3679 | D:4      | Found a stormy altar of Qazlal.
  3966 | D:4      | Found a shadowy altar of Dithmenos.
  4076 | D:5      | Entered Level 5 of the Dungeon
  4080 | D:5      | Found a staircase to the Ecumenical Temple.
  4106 | D:5      | HP: 2/47 [orc/+0 morningstar (3)]
  4106 | D:5      | Slain by an orc

Illustrated notes

Levels and vault maps discovered:
D:1:      dpeg_arrival_pits, layout_basic, shapermc_ecumenical_altar_petra
D:2:      layout_rooms, serial_glass, glass_columns_a, glass_columns_a,
          glass_columns_b, glass_columns_c, glass_columns_c, glass_columns_b,
          chequers_serial_rivers_large_a, chequers_serial_rivers_small_b
D:3:      layout_loops_ring, nemelex_diamond_rough_becter, led_sif_pool,
          serial_shops, shop, ebering_dispersal_statue_hall
D:4:      layout_layer_cave, mainiacjoe_overflow_concentric_impassable,
          worldfamousw_hep_ancestral_shrine, overflow_temple_1_default,
          chequers_temple_overflow_statue_of_worship,
          nicolae_dithmenos_through_a_glass_darkly
D:5:      layout_layer_cave, minmay_temple_entry_sparse_star

Skill      XL: |  1  2  3  4  5  6 |
---------------+-------------------+-----
Stealth        | 2 3 |  3.4
Polearms       | 3 |  3.7
Ranged Weapons | 3 |  3.8
Fighting       | 2 3 |  3.0
Armour         | 2 |  2.7

Action                   |  1- 3 |  4- 6 || total
-------------------------+-------+-------++-------
Melee: Spear             |    78 |    22 ||   100
       Punch             |     1 |       ||     1
       Lajatang          |       |    31 ||    31
 Cast: Sandblast         |     2 |     8 ||    10
  Use: Scroll            |     5 |     4 ||     9
       Potion            |     3 |     3 ||     6
 Stab: Sleeping          |     5 |     2 ||     7
       Invisible         |       |     2 ||     2
Armor: Robe              |     7 |    46 ||    53
Dodge: Dodged            |    15 |    65 ||    80
